 Dungeon Crawl Stone Soup version 0.31.0-4-g52a2dc7128 (webtiles) character file.

Game seed: 4537947733154025849

1675928 Daunt the Englaciator (level 27, 207/207 HPs)
             Began as a Merfolk Earth Elementalist on Jan 22, 2024.
             Was the Champion of Vehumet.
             Escaped with the Orb
             ... and 3 runes!
             The game lasted 07:27:56 (67249 turns).

Daunt the Englaciator (Merfolk Earth Elementalist) Turns: 67249, Time: 07:27:57

Health: 207/207    AC: 25    Str: 10      XL:     27
Magic:  39/39      EV: 28    Int: 23 (24) God:    Vehumet [******]
Gold:   5253       SH: 16    Dex: 25      Spells: 15/60 levels left

rFire   + + .        b - staff of cold
rCold   + + .        P - +1 kite shield of the Last Mouths {rElec rCorr Str-4 Int+4}
rNeg    + . .        r - +4 Cigotuvi's embrace {Corpsefed rMiasma ^Drain rN+}
rPois   +            V - +2 helmet
rElec   +            K - +2 cloak
rCorr   +            W - +1 pair of gloves
SInv    +            Q - +0 pair of boots of the Tanner {rF+ Str+5 Dex+4}
Will    ++++.        F - amulet of magic regeneration
Stlth   ++           d - ring "Juwycsij" {rPois Will++ Dex+5 SInv}
HPRegen 0.54/turn    g - ring of Veiceq {rF+ AC+4, =R}
MPRegen 0.66/turn

%: no passive effects
@: studying Invocations
A: (nimble swimmer 2), mertail, iridescent scales 1, clumsy 1, cold resistance
1, dopey 2, frail 1, low MP 1, inability to drink after injury 2, MP-powered
wands
0: Orb of Zot
}: 3/15 runes: serpentine, barnacled, silver
a: Renounce Religion


You escaped.
You worshipped Vehumet.
Vehumet was exalted by your worship.
You visited 9 branches of the dungeon, and saw 45 of its levels.
You also visited: Sewer, Bailey, Gauntlet, Ice Cave and Wizlab.

You collected 9374 gold pieces.
You spent 4121 gold pieces at shops.

Inventory:

Hand Weapons
 a - a +9 trishula of holy wrath
 c - the +5 demon trident of Exchange {elec, rPois rC+}
   (You acquired it on level 5 of the Lair of Beasts)

   rC+:       It protects you from cold.
   rPois:     It protects you from poison
Missiles
 H - 3 darts of dispersal
 I - 13 atropa-tipped darts
 J - 12 curare-tipped darts
 U - 10 throwing nets
Armour
 r - the +4 Cigotuvi's embrace (worn) {Corpsefed rMiasma ^Drain rN+}
   (You found it in a wizard's laboratory)

   Corpsefed: It gathers nearby corpses to temporarily increase the armour it
   provides.
   rMiasma:   It protects you from foul pestilence.
   rN+:       It protects you from negative energy.
   ^Drain:    It drains your maximum health when unequipped.
 K - a +2 cloak (worn)
 P - the +1 kite shield of the Last Mouths (worn) {rElec rCorr Str-4 Int+4}
   (You bought it in a shop on level 4 of the Snake Pit)

   Str-4:     It affects your strength (-4).
   Int+4:     It affects your intelligence (+4).
   rElec:     It insulates you from electricity.
   rCorr:     It protects you from acid and corrosion.
 Q - the +0 pair of boots of the Tanner (worn) {rF+ Str+5 Dex+4}
   (You found it on level 4 of the Lair of Beasts)

   Str+5:     It affects your strength (+5).
   Dex+4:     It affects your dexterity (+4).
   rF+:       It protects you from fire.
 V - a +2 helmet (worn)
 W - a +1 pair of gloves (worn)
Magical Staves
 b - a staff of cold (weapon)
Jewellery
 d - the ring "Juwycsij" (left hand) {rPois Will++ Dex+5 SInv}
   (You acquired it on level 2 of the Orcish Mines)

   [ring of see invisible]

   Dex+5:     It affects your dexterity (+5).
   rPois:     It protects you from poison Will++: It greatly increases your
   willpower.
   SInv:      It lets you see invisible.
 g - the ring of Veiceq (right hand) {rF+ AC+4, =R}
   (You found it in a Gauntlet)

   [ring of protection]

   AC+4:      It affects your AC (+4).
   rF+:       It protects you from fire.
 F - an amulet of magic regeneration (around neck)
Wands
 l - a wand of paralysis (55)
 o - a wand of mindburst (28)
 y - a wand of light (23)
 C - a wand of iceblast (46)
 L - a wand of polymorph (24)
 R - a wand of digging (21)
Scrolls
 j - 4 scrolls of revelation
 t - 5 scrolls of immolation
 u - 12 scrolls of vulnerability
 B - 8 scrolls of fear
 D - 16 scrolls of poison
 O - 9 scrolls of fog
 S - 4 scrolls of blinking
 T - 23 scrolls of teleportation
 X - a scroll of silence
Potions
 f - 22 potions of mutation
 h - 2 potions of ambrosia
 k - 10 potions of magic
 n - 15 potions of enlightenment
 q - 8 potions of heal wounds
 s - 9 potions of attraction
 w - 18 potions of curing
 z - 6 potions of resistance
 A - 2 potions of lignification
 E - 8 potions of might
 M - 8 potions of invisibility
 N - 3 potions of haste
 Y - 2 potions of brilliance
 Z - 4 potions of berserk rage
Miscellaneous
 e - a phial of floods
 p - a tin of tremorstones (2/2)
 v - a phantom mirror
 x - a lightning rod (4/4)
 G - a box of beasts (inert)


   Skills:
 + Level 22.2 Fighting
 - Level 14.0 Polearms
 + Level 9.9 Armour
 + Level 19.3 Dodging
 - Level 9.0 Stealth
 - Level 15.0 Shields
 + Level 17.3 Spellcasting
 - Level 4.0 Conjurations
 - Level 3.0 Translocations
 O Level 27 Ice Magic
 - Level 3.0 Air Magic
 - Level 4.0 Earth Magic
 - Level 13.0 Alchemy
 - Level 11.0 Evocations


You had 15 spell levels left.
You knew the following spells:

 Your Spells              Type           Power      Damage    Failure   Level
b - Blink                 Tloc           66%        N/A       3%          2
c - Summon Ice Beast      Ice/Summ       89%        N/A       1%          3
f - Freezing Cloud        Conj/Ice/Air   41%        6-21      1%          5
h - Hailstorm             Conj/Ice       95%        3d15      1%          3
i - Irradiate             Conj/Alch      28%        3d21      1%          5
o - Ozocubu's Refrigerat  Ice            60%        4d20      1%          7
p - Polar Vortex          Ice            60%        12d8*     3%          9
s - Sculpt Simulacrum     Ice/Alch       53%        N/A       1%          6
t - Olgreb's Toxic Radia  Alch           68%        N/A       1%          4
Z - Sandblast             Erth           76%        2d16      1%          1

Your spell library contained the following spells:

 Spells                   Type           Power      Damage    Failure   Level
 Shatter                  Erth           19%        3d17*     100%        9
 Freeze                   Ice            100%       1d10      0%          1
 Frozen Ramparts          Ice            100%       1d16      0%          3
 Foxfire                  Conj/Fire      100%       2x1d9     1%          1
 Kiss of Death            Conj/Necr      100%       2d13      1%          1
 Magic Dart               Conj           100%       1d8       1%          1
 Shock                    Conj/Air       100%       1d9       1%          1
 Sting                    Conj/Alch      100%       1d9       1%          1
 Cigotuvi's Dreadful Rot  Necr/Alch/Air  88%        N/A       1%          2
 Ensorcelled Hibernation  Hex/Ice        100%       N/A       1%          2
 Mercury Vapours          Alch/Air       100%       N/A       1%          2
 Momentum Strike          Conj/Tloc      72%        3d10      1%          2
 Searing Ray              Conj           76%        2d7       1%          2
 Static Discharge         Conj/Air       72%        3-6/arc   1%          2
 Mephitic Cloud           Conj/Alch/Air  50%        N/A       1%          3
 Stone Arrow              Conj/Erth      76%        3d11      1%          3
 Fulminant Prism          Conj/Alch      28%        3d14      1%          4
 Ignite Poison            Fire/Alch      49%        N/A       1%          4
 Sticky Flame             Fire/Alch      49%        2d9       1%          4
 Apportation              Tloc           66%        N/A       2%          1
 Leda's Liquefaction      Alch/Erth      28%        N/A       2%          4
 Petrify                  Alch/Erth      56%        N/A       2%          4
 Lesser Beckoning         Tloc           66%        N/A       3%          2
 Scorch                   Fire           38%        2d6       3%          2
 Passwall                 Erth           38%        N/A       4%          3
 Brom's Barrelling Bould  Conj/Erth      38%        2d6       4%          4
 Iskenderun's Mystic Bla  Conj/Tloc      36%        2d9       4%          4
 Yara's Violent Unravell  Hex/Alch       24%        3d11      4%          5
 Gell's Gravitas          Tloc           33%        N/A       6%          3
 Inner Flame              Hex/Fire       19%        N/A       6%          3
 Swiftness                Air            33%        N/A       6%          3
 Teleport Other           Tloc           33%        N/A       6%          3
 Airstrike                Air            16%        2d(3-19)  6%          4
 Necrotise                Necr           76%        1d7       8%          1
 Slow                     Hex            76%        N/A       8%          1
 Summon Small Mammal      Summ           76%        N/A       8%          1
 Flame Wave               Conj/Fire      29%        2d9       9%          4
 Call Imp                 Summ           38%        N/A       11%         2
 Jinxbite                 Hex            38%        N/A       11%         2
 Sublimation of Blood     Necr           19%        N/A       11%         2
 Iskenderun's Battlesphe  Conj           38%        2d9       11%         5
 Lee's Rapid Deconstruct  Erth           19%        3d11*     11%         5
 Arcjolt                  Conj/Air       18%        1d28      13%         5
 Call Canine Familiar     Summ           19%        N/A       22%         3
 Confusing Touch          Hex            19%        N/A       22%         3
 Fugue of the Fallen      Necr           19%        N/A       22%         3
 Sigil of Binding         Hex            19%        N/A       22%         3
 Tukima's Dance           Hex            19%        N/A       22%         3
 Vampiric Draining        Necr           19%        2d7       22%         3
 Manifold Assault         Tloc           33%        N/A       22%         4
 Passage of Golubria      Tloc           33%        N/A       22%         4
 Vhi's Electric Charge    Tloc/Air       66%        N/A       22%         4
 Animate Armour           Summ/Erth      58%        N/A       32%         4
 Dimensional Bullseye     Hex/Tloc       13%        N/A       36%         4
 Summon Lightning Spire   Summ/Air       26%        N/A       36%         4
 Bombard                  Conj/Erth      19%        9d4       45%         6
 Anguish                  Hex/Necr       9%         N/A       58%         4
 Animate Dead             Necr           19%        N/A       58%         4
 Cause Fear               Hex            9%         N/A       58%         4
 Martyr's Knell           Necr/Summ      19%        N/A       58%         4
 Summon Blazeheart Golem  Fire/Summ      19%        N/A       58%         4
 Starburst                Conj/Fire      14%        6d6       73%         6
 Plasma Beam              Fire/Air       13%        2x1d24    80%         6
 Curse of Agony           Necr           19%        N/A       90%         5
 Summon Mana Viper        Hex/Summ       19%        N/A       90%         5
 Orb of Destruction       Conj           19%        9d8       94%         7
 Dispersal                Tloc           16%        N/A       97%         6
 Spellforged Servitor     Conj/Summ      14%        N/A       99%         7
 Summon Cactus Giant      Summ           9%         N/A       100%        6
 Haunt                    Necr/Summ      9%         N/A       100%        7
 Malign Gateway           Summ/Tloc      13%        N/A       100%        7
 Summon Hydra             Summ           9%         N/A       100%        7
 Disjunction              Tloc           16%        N/A       100%        8
 Ignition                 Fire           9%         3d5       100%        8
 Infestation              Necr           9%         N/A       100%        8
 Summon Horrible Things   Summ           9%         N/A       100%        8
 Fire Storm               Conj/Fire      14%        8d4       100%        9


Dungeon Overview and Level Annotations

Branches:
Dungeon (15/15)            Temple (1/1) D:4            Lair (5/5) D:11
 Shoals (4/4) Lair:3        Snake (4/4) Lair:3        Slime (0/5) Lair:4
    Orc (2/2) D:10            Elf (0/3) Orc:2        Vaults (5/5) D:13
  Crypt (0/3) Vaults:3     Depths (4/4) D:15            Zot (5/5) Depths:4
  Sewer (visited)          Bailey (visited)           IceCv (visited)
 WizLab (visited)         Gauntlet (visited)

Altars:
Ashenzari
Cheibriados
Dithmenos
Elyvilon
Fedhas
Gozag
Hepliaklqana
Kikubaaqudgha
Makhleb
Nemelex Xobeh
Okawaru
Qazlal
Ru
Sif Muna
Trog
Uskayaw
Vehumet
Wu Jian
Xom
Yredelemnul
Zin
The Shining One
Jiyva

Shops:
D:6 [[   D:9 *   D:10 *   Orc:2 [[(:!   Snake:2 (!=?   Snake:4 [:   Vaults:1 *
Vaults:3 [   Vaults:4 ?   Vaults:5 =   Depths:1 *   Depths:3 (*!?

Portals:
Hell: Depths:1 Depths:2 Depths:3 Depths:4
Abyss: Depths:3
Pandemonium: Depths:2 Depths:4
Ziggurat: Depths:2
Bazaar: Snake:4

Annotations:
Zot:1 2 transporters, exclusion: door, Jiorhin's ghost, legendary TrBe
Zot:3 1 exclusion
Zot:4 exclusion: 2 doors


Innate Abilities, Weirdness & Mutations

((You are very nimble when in or above water. (Stealth+, EV+, Speed+++)))
Your lower body shifts to a powerful aquatic tail in water.
You are partially covered in iridescent scales. (AC +2)
You are clumsy. (Dex -2)
Your flesh is cold resistant. (rC+)
You are very dopey. (Int -4)
You are frail. (-10% HP)
Your magical capacity is low. (-10% MP)
You sometimes lose the ability to drink potions when taking damage.
You expend magic power (3 MP) to strengthen your wands.


Message History

Things that are here:
a +0 scale mail; a +0 flail You see here a +0 mace.
Things that are here:
a +0 leather armour; a +0 dagger
Things that are here:
a +0 robe; a +0 spear
Items here: )))) [[[[.
There is a stone staircase leading up here.
You climb upwards.
There is a stone staircase leading down here.
There is a stone staircase leading up here.
You climb upwards.
There is a stone staircase leading down here.
There is an open door here.
HP restored.
There is a stone staircase leading up here.
You climb upwards.
There is a stone staircase leading down here.
There is a stone staircase leading up here.
Things that are here:
a +0 robe; a +0 dagger You climb upwards.
There is a stone staircase leading down here.
There is an open door here.
A hell beast comes into view.
There is a stone staircase leading up here.
You block the hell beast's attack. x2
You climb upwards.
There is a stone staircase leading down here.
There is a stone staircase leading up here.
You climb upwards.
There is a stone staircase leading down here.
What level of the Dungeon? (default 1, ? - help)
Okay, then.
Unknown command.
You see here a +0 club.
There is an empty arch of ancient stone here.
There is a staircase leading out of the dungeon here.
You have escaped!

#.### #.####.### #.# #.#
#.>.....⌠# #.# #.# ###...♣♣♣..##
##.###
######.###...♣♣♣♣♣♣♣.###....#####
.......##.#.♣♣♣∩∩∩♣♣..##.##......
########.#..♣♣∩...∩....#.##....##
# ##..♣♣♣.....♣♣♣...##..#.# #
##.♣♣∩.♣.♣.∩♣♣..###..#.# #
#.....♣@♣.∩♣♣.###...#.## #
#.♣♣∩.♣.♣.∩♣♣.##..#.#..# #
#.♣♣♣......♣♣....##.##.# #
#..♣♣∩...∩♣...#####.##.# #
#..♣♣♣∩∩∩♣♣♣.## #.#...
##########.#.♣♣♣♣♣♣♣.## #..#.#
#..........##..♣♣♣..## #.....
#.########...>.....>#########.#.#
#.# #.########)#............


There were no monsters in sight!

Vanquished Creatures
  5 dread liches
  Frederick (Vaults:3)
  3 orbs of fire (Zot:5)
  4 ancient liches (Zot:5)
  Mennas (Vaults:5)
  2 juggernauts (Depths:3)
  3 Killer Klowns (Zot:5)
  Vashnia (Snake:2)
  17 caustic shrikes
  Nikola (Shoals:4)
  A curse toe (Zot:1)
  4 golden dragons
  A mutant beast (WizLab)
  2 bone dragons (Depths:4)
  2 electric golems
  10 tentacled monstrosities
  An Ice Fiend (IceCv)
  4 liches
  28 Orb Guardians
  6 titans
  2 quicksilver dragons
  3 sphinxes
  A kraken (Shoals:2)
  Polyphemus (Shoals:4)
  A walking frostbound tome (Depths:3)
  3 Executioners
  6 death cobs
  An ancient champion (Vaults:3)
  Aizul (Snake:4)
  14 storm dragons
  Frances (D:12)
  A daeva (Shoals:4)
  3 tengu reavers
  6 shadow dragons
  5 draconian monks
  7 draconian knights
  5 nagarajas
  9 frost giants
  5 draconian shifters
  6 fire giants
  2 iron dragons (Vaults:5)
  4 protean progenitors
  15 vault wardens
  3 draconian scorchers
  24 ironbound preservers
  6 draconian stormcallers
  2 cacodemons
  4 draconian annihilators
  5 orc warlords
  A formless jellyfish (Vaults:2)
  A demonspawn corrupter (D:11)
  11 spriggan defenders
  3 vampire knights
  15 very ugly things
  A quicksilver ooze (shapeshifter) (WizLab)
  15 stone giants
  9 ironbound thunderhulks
  8 green draconians
  An apis (Shoals:4)
  9 black draconians
  9 purple draconians
  2 demonspawn black suns (Zot:1)
  Nessos (D:15)
  A deep elf demonologist (Vaults:2)
  11 yellow draconians
  A war gargoyle (Vaults:5)
  10 red draconians
  A minotaur (Gauntlet)
  A deep elf annihilator (Vaults:5)
  6 white draconians
  5 dire elephants
  2 spark wasps (Zot:3)
  The ghost of Bikhag the Fighter, a journeyman GrGl of Gozag (D:12)
  7 merfolk javelineers (Shoals:4)
  9 ettins
  A green death (D:13)
  9 fire dragons
  Josephine (Orc:2)
  12 merfolk impalers
  An entropy weaver (Vaults:4)
  6 great orbs of eyes
  2 deep elf high priests (Vaults:5)
  A caustic shrike simulacrum (IceCv)
  36 vault guards
  6 hydras
  8 ice dragons
  2 ogre magi
  5 salamander tyrants
  3 catoblepae
  17 yaktaur captains
  A rakshasa (Depths:4)
  2 peacekeepers
  5 ironbound frosthearts
  2 death knights
  3 two-headed ogres (shapeshifter) (WizLab)
  10 centaur warriors
  4 spriggan air magi
  An alligator snapping turtle (Shoals:4)
  Erolcha (Orc:2)
  19 death yaks
  5 radroaches (WizLab)
  A merfolk avatar (Shoals:4)
  13 anacondas
  4 two-headed ogres
  6 merfolk aquamancers (Shoals:4)
  10 deep troll earth magi
  2 satyrs (Shoals:4)
  18 naga warriors
  9 boulder beetles
  3 deep troll shamans
  A death scarab (Gauntlet)
  A sphinx skeleton (Vaults:3)
  5 tengu warriors
  A hell hog (Lair:5)
  13 naga sharpshooters
  3 orc high priests
  9 shock serpents
  5 spriggan berserkers
  3 deep elf knights (Vaults:5)
  2 soul eaters (Depths:4)
  4 skysharks
  5 hell knights
  2 shadow wraiths
  7 salamander mystics
  9 iron trolls
  11 skeletal warriors
  23 mana vipers
  2 sea snakes (shapeshifter) (WizLab)
  2 glowing orange brains (Depths:1)
  2 cherubim (Shoals:4)
  5 swamp dragons
  9 large abominations
  66 deep trolls
  6 sea snakes
  A glowing orange brain (shapeshifter) (WizLab)
  3 spriggan druids (Depths:2)
  An obsidian statue (IceCv)
  6 arcanists
  A spectral hydra (Gauntlet)
  A bog body (IceCv)
  7 naga ritualists
  A shock serpent (shapeshifter) (Vaults:5)
  12 orc knights
  9 lindwurms
  A tengu zombie (Vaults:2)
  7 spriggan simulacra (IceCv)
  A flayed ghost (Depths:3)
  A deep elf archer (Vaults:5)
  3 orb spiders (shapeshifter)
  16 ironbound convokers
  23 harpies
  8 phantasmal warriors
  7 deep elf pyromancers
  A tengu skeleton (Vaults:3)
  Maurice (D:7)
  2 orc sorcerers (Orc:2)
  A stone giant zombie (Vaults:3)
  2 deep elf zephyrmancers
  5 necromancers
  49 ugly things
  13 manticores
  11 cyclopes
  2 oklob plants
  A faun (shapeshifter) (WizLab)
  A mana viper (shapeshifter) (Vaults:5)
  7 fauns (Shoals:4)
  A shining eye (shapeshifter) (WizLab)
  30 salamanders
  3 cyclopes (shapeshifter)
  A moth of wrath (shapeshifter) (WizLab)
  48 black mambas
  12 elephants
  16 moths of wrath
  An ice statue (Snake:4)
  7 merfolk sirens
  8 guardian serpents
  4 kobold blastminers (Orc:2)
  The ghost of ZoaN the Digger, a novice GrEE (D:7)
  An eye of devastation (Zot:3)
  3 water nymphs (shapeshifter)
  8 water nymphs
  16 naga magi
  A smoke demon (Depths:4)
  13 cane toads
  2 torpor snails
  2 gargoyles
  24 vault sentinels
  A spectral sea snake (Snake:3)
  A kobold demonologist (D:13)
  6 rime drakes
  10 komodo dragons
  29 yaktaurs
  9 tengu conjurers
  9 freezing wraiths
  4 human skeletons
  2 yaktaur skeletons (Vaults:3)
  2 efreet
  2 spectral nagas (Snake:3)
  3 anaconda simulacra
  24 merfolk
  10 ice devils (IceCv)
  4 wind drakes
  A queen bee (shapeshifter) (D:13)
  9 polar bears
  7 trolls
  A golden dragon simulacrum (IceCv)
  A spectral guardian serpent (Snake:3)
  14 hornets
  A tyrant leech (Gauntlet)
  A raiju (Lair:5)
  Prince Ribbit (D:7)
  2 alligator simulacra (IceCv)
  7 snapping turtles
  5 blink frogs (Lair:4)
  A raiju (shapeshifter) (D:13)
  A dream sheep (shapeshifter) (WizLab)
  6 glass eyes
  An ettin zombie (Vaults:2)
  6 dream sheep
  A fire giant simulacrum (Vaults:2)
  34 slime creatures
  An ettin skeleton (Vaults:3)
  2 shadows
  A jumping spider (shapeshifter) (WizLab)
  12 spriggans
  25 water elementals
  A guardian serpent skeleton (Snake:3)
  2 vampires
  A jumping spider (Vaults:4)
  A dire elephant simulacrum (IceCv)
  6 wraiths
  A ynoxinul (D:10)
  43 yaks
  A yak (shapeshifter) (WizLab)
  A warg (shapeshifter) (WizLab)
  4 basilisks
  3 fire bats (Lair:1)
  A wyvern (Lair:1)
  An elf skeleton (Vaults:3)
  A human simulacrum (Vaults:3)
  4 steam dragons
  10 vampire mosquitoes
  9 wargs
  An iron golem (WizLab)
  8 minotaur simulacra (IceCv)
  A glowing shapeshifter zombie (Vaults:3)
  34 nagas
  2 swamp worms (Gauntlet)
  A harpy simulacrum (IceCv)
  A swamp worm (shapeshifter) (Vaults:5)
  14 water moccasins
  3 hydra simulacra (IceCv)
  11 hell hounds (Lair:5)
  4 acid dragons
  A guardian serpent simulacrum (Snake:3)
  2 naga skeletons (Snake:3)
  A glowing shapeshifter skeleton (Vaults:3)
  2 swamp drakes (Lair:5)
  44 orc warriors
  A sky beast (D:7)
  An ettin simulacrum (IceCv)
  An ice beast (D:5)
  13 black bears
  6 small abominations
  15 ogres
  12 wolves
  A boggart (shapeshifter) (D:13)
  7 boggarts
  9 centaurs
  A phantom (D:5)
  A kobold brigand (D:11)
  10 bullfrogs
  A human zombie (Vaults:3)
  A gnoll sergeant (D:9)
  A scorpion (D:6)
  3 naga simulacra (Snake:3)
  6 deep troll simulacra (IceCv)
  14 wights
  6 killer bees (D:11)
  3 lindwurm simulacra (IceCv)
  11 electric eels
  8 howler monkeys
  2 jellies
  A bombardier beetle (D:4)
  8 hounds
  15 orc priests
  A gnoll bouda (D:9)
  A sleepcap (D:7)
  Terence (D:2)
  11 iguanas
  Natasha (thrice) (D:2)
  19 orc wizards
  17 gnolls
  20 adders
  A river rat (D:3)
  A shadow imp (D:6)
  A white imp (D:6)
  4 ufetubi (D:6)
  A ribbon worm (D:4)
  8 dart slugs
  94 orcs
  13 ball pythons
  8 endoplasms
  14 giant cockroaches
  11 hobgoblins
  4 jackals (D:5)
  31 kobolds
  3 quokkas
  7 bats
  16 frilled lizards
  15 goblins
  7 rats
  5 aspiring fleshes (Zot:3)
  A spectral weapon (Zot:5)
  4 tentacles (Shoals:2)
2173 creatures vanquished.

Vanquished Creatures (collateral kills)
  Bai Suzhen (Snake:3)
  2 vault wardens (Vaults:1)
  2 ironbound preservers
  A fire dragon (D:15)
  A centaur warrior (D:13)
  2 ironbound frosthearts (Vaults:1)
  A death knight (D:13)
  A two-headed ogre (D:13)
  2 death yaks (D:11)
  A boulder beetle (D:13)
  A shock serpent (shapeshifter) (WizLab)
  A salamander mystic (Snake:3)
  An iron troll (Depths:2)
  3 deep trolls
  8 ugly things
  2 orc knights
  A deep elf zephyrmancer (D:13)
  2 cyclopes (D:13)
  An elephant (shapeshifter) (WizLab)
  2 manticores
  A gargoyle (D:13)
  A tengu conjurer (D:13)
  A glass eye (shapeshifter) (WizLab)
  2 trolls (D:13)
  4 polar bears (Lair:5)
  A raiju (Lair:5)
  A vampire (D:13)
  A small abomination (WizLab)
  2 basilisks
  2 wargs (Lair:5)
  A sea snake simulacrum (Snake:3)
  A swamp worm (Gauntlet)
  2 hell hounds (Lair:5)
  An orc warrior (Orc:1)
  A black bear (Lair:5)
  4 wolves (Lair:5)
  A centaur (D:13)
  A boggart simulacrum (D:13)
  An orc (Orc:1)
65 creatures vanquished.

Vanquished Creatures (others)
  A black mamba (Snake:3)
  A merfolk (Shoals:4)
  An acid dragon (Zot:4)
  4 tentacles (Shoals:2)
7 creatures vanquished.

Grand Total: 2245 creatures vanquished

Notes
Turn   | Place    | Note
-------+----------+-------------------------------------------
     0 | D:1      | Daunt the Merfolk Earth Elementalist began the quest for
                  | the Orb.
     0 | D:1      | Reached XP level 1. HP: 13/13 MP: 3/3
    81 | D:1      | Reached skill level 1 in Fighting
    89 | D:1      | Reached XP level 2. HP: 13/22 MP: 0/5
   608 | D:1      | Reached XP level 3. HP: 28/28 MP: 3/6
  1219 | D:2      | Noticed Terence
  1509 | D:2      | Reached XP level 4. HP: 37/37 MP: 4/7
  1683 | D:2      | Reached skill level 1 in Alchemy
  1872 | D:2      | Found a faded altar of an unknown god.
  1988 | D:2      | Noticed Natasha
  1995 | D:2      | Killed Natasha
  2209 | D:2      | Killed Terence
  2210 | D:2      | Reached XP level 5. HP: 40/42 MP: 0/8
  2257 | D:2      | Noticed Natasha
  2348 | D:2      | Killed Natasha
  2464 | D:2      | Found a faded altar of an unknown god.
  2592 | D:2      | Noticed Natasha
  2598 | D:2      | Killed Natasha
  2761 | D:3      | Reached skill level 5 in Alchemy
  2782 | D:2      | Reached XP level 6. HP: 21/48 MP: 0/9
  2959 | D:3      | Found a glowing drain.
  3008 | Sewer    | Entered a sewer
  3385 | Sewer    | Reached XP level 7. HP: 35/53 MP: 1/10
  3599 | Sewer    | Learned a level 1 spell: Sting
  3609 | Sewer    | Learned a level 4 spell: Olgreb's Toxic Radiance
  3975 | D:3      | Reached skill level 1 in Conjurations
  5812 | D:4      | Found a staircase to the Ecumenical Temple.
  5821 | Temple   | Entered the Ecumenical Temple
  5827 | Temple   | Became a worshipper of Vehumet
  5893 | D:4      | Found an ornate altar of the Wu Jian Council.
  5893 | D:4      | Found a basalt altar of Yredelemnul.
  5968 | D:5      | Entered Level 5 of the Dungeon
  5982 | D:5      | Reached XP level 8. HP: 61/61 MP: 4/12
  5989 | D:5      | Reached skill level 5 in Fighting
  6724 | D:5      | Found a sparkling altar of Nemelex Xobeh.
  6792 | D:5      | Reached skill level 10 in Alchemy
  6922 | D:5      | Reached XP level 9. HP: 68/68 MP: 6/15
  7274 | D:6      | Found a glowing silver altar of Zin.
  7284 | D:6      | Reached skill level 1 in Armour
  7299 | D:6      | Reached * piety under Vehumet
  7299 | D:6      | Offered knowledge of Kiss of Death by Vehumet.
  7651 | D:6      | Found Piloabeu's Antique Armour Boutique.
  7728 | D:6      | Reached skill level 5 in Stealth
  8239 | D:6      | Found Jixil's Armour Emporium.
  8361 | D:7      | Found a flagged portal.
  8371 | D:7      | Reached skill level 5 in Dodging
  8446 | Bailey   | Entered a bailey
  8550 | Bailey   | Reached ** piety under Vehumet
  8550 | Bailey   | Offered knowledge of Freeze by Vehumet.
  8997 | D:6      | Bought a +2 cloak for 198 gold pieces
  8997 | D:6      | Bought a +1 hat of stealth for 192 gold pieces
  9134 | D:7      | Found a stormy altar of Qazlal.
  9134 | D:7      | Noticed Maurice
  9150 | D:7      | Noticed ZoaN's ghost (novice GrEE)
  9168 | D:7      | Found a runed translucent door.
  9201 | D:7      | Reached skill level 5 in Spellcasting
  9303 | D:7      | Reached XP level 10. HP: 65/77 MP: 13/17
  9495 | D:7      | Found a sacrificial altar of Ru.
  9497 | D:7      | Got the Thoughts on Burning and Imprecation
  9529 | D:8      | Learned a level 1 spell: Freeze
  9633 | D:8      | Reached skill level 1 in Ice Magic
  9664 | D:8      | Reached skill level 1 in Evocations
  9667 | D:8      | Offered knowledge of Frozen Ramparts by Vehumet.
  9676 | D:8      | Learned a level 3 spell: Frozen Ramparts
  9688 | D:8      | Reached skill level 2 in Ice Magic
 10154 | D:8      | Reached *** piety under Vehumet
 10155 | D:8      | Reached skill level 3 in Ice Magic
 10413 | D:8      | Found a glowing golden altar of the Shining One.
 10559 | D:8      | Found a burning altar of Makhleb.
 11017 | D:9      | Offered knowledge of Mephitic Cloud by Vehumet.
 11115 | D:9      | Reached skill level 4 in Ice Magic
 11383 | D:9      | Reached skill level 5 in Ice Magic
 11581 | D:9      | Noticed a two-headed ogre
 11581 | D:9      | Noticed a centaur warrior
 11608 | D:9      | Noticed a deep elf pyromancer
 11672 | D:9      | Killed a deep elf pyromancer
 11673 | D:9      | Reached skill level 6 in Ice Magic
 11792 | D:9      | Noticed a deep elf pyromancer
 11793 | D:9      | Noticed a cyclops
 11929 | D:9      | Found Zusyvvuh's Serpentskin Sales.
 11935 | D:9      | Reached skill level 7 in Ice Magic
 11940 | D:9      | Reached XP level 11. HP: 84/84 MP: 13/18
 11944 | D:9      | Learned a level 3 spell: Hailstorm
 12195 | D:9      | Reached **** piety under Vehumet
 12205 | D:9      | Noticed a purple ugly thing
 12213 | D:9      | Killed a purple ugly thing
 12214 | D:9      | Reached skill level 8 in Ice Magic
 12278 | D:9      | Offered knowledge of Iskenderun's Battlesphere by Vehumet.
 12653 | D:10     | Entered Level 10 of the Dungeon
 13354 | D:10     | Found Mulinest's General Store.
 13366 | D:10     | Bought a scroll of identify for 32 gold pieces
 13366 | D:10     | Bought a scroll of identify for 32 gold pieces
 13419 | D:10     | Reached skill level 9 in Ice Magic
 13555 | D:10     | Found a staircase to the Orcish Mines.
 13895 | D:11     | Noticed a death yak
 13948 | D:11     | Killed a death yak
 13969 | D:11     | Noticed a cyclops
 14079 | D:11     | Noticed a manticore
 14104 | D:11     | Noticed a death knight
 14254 | Orc:1    | Entered Level 1 of the Orcish Mines
 14257 | Orc:1    | Reached ***** piety under Vehumet
 14258 | Orc:1    | Offered knowledge of Fireball by Vehumet.
 14276 | Orc:1    | Noticed an orc high priest
 14282 | Orc:1    | Noticed an orc knight
 14539 | D:11     | Reached skill level 10 in Ice Magic
 14644 | D:11     | Killed a cyclops
 14652 | D:11     | Noticed a manticore
 14669 | D:11     | Killed a manticore
 14670 | D:11     | Reached skill level 1 in Air Magic
 14798 | D:11     | Found a staircase to the Lair.
 14825 | D:11     | Noticed a death yak
 14826 | D:11     | Noticed a death yak
 14827 | D:11     | Noticed a death yak
 14828 | D:11     | Noticed a death yak
 14970 | Lair:1   | Entered Level 1 of the Lair of Beasts
 15023 | Lair:1   | Identified the +7 trident "Gram" {venom, rF- Will+ Dex+4
                  | SInv}
 15167 | Lair:1   | Found a gate leading to a gauntlet.
 15196 | Lair:1   | Learned a level 5 spell: Freezing Cloud
 15226 | Gauntlet | Entered a Gauntlet
 15226 | Gauntlet | Found a transporter.
 15229 | Gauntlet | Noticed an oklob plant
 15231 | Gauntlet | Found a transporter.
 15233 | Gauntlet | Noticed a fire crab
 15234 | Gauntlet | Found a transporter.
 15242 | Gauntlet | Found a transporter.
 15244 | Gauntlet | Found a transporter.
 15256 | Gauntlet | Found a transporter.
 15262 | Gauntlet | Noticed a lightning spire
 15266 | Gauntlet | Noticed a ghost crab
 15269 | Gauntlet | Found a transporter.
 15278 | Gauntlet | Found a runed translucent gate.
 15279 | Gauntlet | Found a transporter.
 15279 | Gauntlet | Found a runed translucent gate.
 15280 | Gauntlet | Found a runed translucent gate.
 15289 | Gauntlet | Found a transporter.
 15291 | Gauntlet | Noticed a large abomination
 15291 | Gauntlet | Noticed a large abomination
 15306 | Gauntlet | Found a transporter.
 15310 | Gauntlet | Noticed a death scarab
 15312 | Gauntlet | Found a transporter.
 15316 | Gauntlet | Found a transporter.
 15381 | Gauntlet | Found a transporter.
 15381 | Gauntlet | Found a transporter.
 15543 | Gauntlet | Killed an oklob plant
 15669 | Gauntlet | Reached XP level 12. HP: 42/91 MP: 13/21
 15690 | Gauntlet | Killed a death scarab
 15709 | Gauntlet | Learned a level 3 spell: Summon Ice Beast
 15886 | Gauntlet | Identified the ring of Veiceq {rF+ AC+4}
 15891 | Gauntlet | Identified the +0 orcbow "Feocuc" {flame, Stlth+}
 15958 | Gauntlet | Identified the staff of Calamity {rN+ Str+3 Necro}
 15958 | Gauntlet | Noticed a minotaur
 16001 | Gauntlet | Killed a minotaur
 16257 | Lair:1   | Identified the +9 spear of the Crawling Thing {drain, rPois
                  | rCorr MP+9 Str-5}
 17293 | Lair:2   | Reached skill level 1 in Shields
 17569 | Lair:2   | Reached skill level 5 in Shields
 17955 | Lair:2   | Reached skill level 1 in Polearms
 17965 | Lair:2   | Reached XP level 13. HP: 98/98 MP: 22/25
 18426 | Lair:3   | Reached skill level 11 in Ice Magic
 18538 | Lair:3   | Reached skill level 5 in Evocations
 18640 | Lair:3   | Reached skill level 5 in Polearms
 18678 | Lair:3   | Identified the +11 glaive "Ymuu" {flame, ^Contam rN+ Dex+3}
 18796 | Lair:3   | Found a staircase to the Snake Pit.
 18910 | Lair:3   | Learned a level 2 spell: Blink
 19091 | Lair:3   | Found a staircase to the Shoals.
 19253 | Lair:3   | Reached skill level 1 in Translocations
 19415 | Lair:4   | Reached skill level 12 in Ice Magic
 19742 | Lair:4   | Found a viscous altar of Jiyva.
 19742 | Lair:4   | Found a staircase to the Slime Pits.
 19810 | Lair:4   | Found a transporter.
 19833 | Lair:4   | Found a transporter.
 19945 | Lair:4   | Offered knowledge of Arcjolt by Vehumet.
 20355 | Lair:5   | Entered Level 5 of the Lair of Beasts
 20601 | Lair:5   | Reached XP level 14. HP: 108/108 MP: 26/26
 20921 | Lair:5   | Reached skill level 13 in Ice Magic
 21560 | Lair:5   | Reached skill level 14 in Ice Magic
 21807 | Lair:5   | Identified a scroll of acquirement
 22049 | Lair:5   | Reached skill level 15 in Ice Magic
 22074 | Lair:5   | Learned a level 6 spell: Sculpt Simulacrum
 22278 | Lair:5   | Offered knowledge of Ozocubu's Refrigeration by Vehumet.
 22389 | Lair:5   | Got Ichaont's Parchment of Weathered Production
 22991 | D:11     | Reached XP level 15. HP: 103/114 MP: 13/28
 23069 | D:11     | Reached skill level 10 in Spellcasting
 23103 | D:11     | Learned a level 7 spell: Ozocubu's Refrigeration
 23167 | D:12     | Identified the +5 hand axe "Ikhleal" {holy, Str+6}
 23277 | D:12     | Noticed Frances
 23287 | D:12     | Killed Frances
 23698 | D:12     | Found a runed translucent gate.
 23733 | D:12     | Found a runed translucent gate.
 23734 | D:12     | Found a runed translucent gate.
 23737 | D:12     | Noticed Bikhag's ghost (journeyman GrGl)
 23899 | D:13     | Acquired the +5 demon trident of Exchange {elec, rPois rC+}
 24376 | D:13     | Found a gate to the Vaults.
 24432 | D:13     | Found a sacrificial altar of Ru.
 24556 | D:13     | Reached skill level 5 in Armour
 24562 | D:13     | Reached skill level 10 in Fighting
 24636 | D:13     | Identified the +3 shortbow of Ajitaen {antimagic, rElec
                  | Will+++ Str-3 Int+5}
 25265 | D:13     | Offered knowledge of Conjure Ball Lightning by Vehumet.
 25272 | D:13     | Identified the +2 war axe of Qazlal's Condemnation {drain,
                  | rPois rF+ Int+2}
 25319 | D:13     | Reached skill level 10 in Polearms
 25343 | D:13     | Reached skill level 16 in Ice Magic
 25828 | D:13     | Got Vehumet's Teachings on Fulmination
 25852 | D:13     | Got the Teachings on Striking
 26296 | D:14     | Reached XP level 16. HP: 98/122 MP: 12/30
 26410 | D:14     | Identified the +8 falchion of Somewhere Else {drain, Will+
                  | SInv}
 27051 | D:14     | Found a white marble altar of Elyvilon.
 27107 | D:15     | Entered Level 15 of the Dungeon
 27604 | D:15     | Noticed Nessos
 27608 | D:15     | Killed Nessos
 27609 | D:15     | Reached skill level 17 in Ice Magic
 27963 | D:15     | Found a staircase to the Depths.
 28678 | Orc:1    | Reached skill level 10 in Dodging
 28843 | Orc:2    | Entered Level 2 of the Orcish Mines
 29005 | Orc:2    | Noticed Josephine
 29007 | Orc:2    | Killed Josephine
 29138 | Orc:2    | Offered knowledge of Plasma Beam by Vehumet.
 29159 | Orc:2    | Found a staircase to the Elven Halls.
 29223 | Orc:2    | Found Paehaw's Antique Armour Boutique.
 29228 | Orc:2    | Bought transparent acid dragon scales for 1305 gold pieces
 29228 | Orc:2    | Identified the +0 acid dragon scales "Wuawi" {Fly rCorr
                  | Str-4 Dex-2 SInv} (You bought it in a shop on level 2 of
                  | the Orcish Mines)
 29228 | Orc:2    | Bought a pair of embroidered gloves for 217 gold pieces
 29656 | Orc:2    | Found Loarok's Distillery.
 29879 | Orc:2    | Found Tias's Book Emporium.
 29919 | Orc:2    | Noticed Erolcha
 29925 | Orc:2    | Killed Erolcha
 30297 | Orc:2    | Found Ussed's Antique Armour Shoppe.
 30301 | Orc:2    | Found Veetomm's Antique Weapon Emporium.
 30408 | Orc:2    | Bought an embroidered robe for 107 gold pieces
 30412 | Orc:2    | Acquired the ring "Juwycsij" {rPois Will++ Dex+5 SInv}
 30614 | Shoals:1 | Entered Level 1 of the Shoals
 30888 | Shoals:1 | Reached skill level 18 in Ice Magic
 31654 | Shoals:2 | Reached XP level 17. HP: 129/129 MP: 12/31
 31830 | Shoals:2 | Noticed a kraken
 31875 | Shoals:2 | Offered knowledge of Irradiate by Vehumet.
 31884 | Shoals:2 | Learned a level 5 spell: Irradiate
 31886 | Shoals:2 | Killed a kraken
 32273 | Shoals:2 | Identified the +4 scale mail of Ufedacit {+Inv rC+++ Int+4
                  | Dex-2}
 32817 | Shoals:3 | Found a basalt altar of Yredelemnul.
 33571 | Shoals:4 | Entered Level 4 of the Shoals
 33580 | Shoals:4 | Noticed Nikola
 33737 | Shoals:4 | Noticed Polyphemus
 33743 | Shoals:4 | Killed Polyphemus
 33964 | Shoals:4 | Found a glowing silver altar of Zin.
 34478 | Shoals:4 | Reached skill level 19 in Ice Magic
 34478 | Shoals:4 | Reached ****** piety under Vehumet
 34478 | Shoals:4 | Offered knowledge of Lehudib's Crystal Spear by Vehumet.
 35234 | Shoals:4 | Acquired 413 gold pieces
 36121 | Shoals:4 | Reached XP level 18. HP: 141/141 MP: 18/32
 36125 | Shoals:4 | Killed Nikola
 36336 | Shoals:4 | Identified the +3 glaive "Ucahuop" {freeze, rN+ Str+5
                  | Dex-4}
 36566 | Shoals:4 | Found a white marble altar of Elyvilon.
 36655 | Shoals:4 | Found a glowing golden altar of the Shining One.
 36707 | Shoals:4 | Got a barnacled rune of Zot
 37721 | Snake:1  | Entered Level 1 of the Snake Pit
 38429 | Snake:1  | Found a transporter.
 38453 | Snake:1  | Found a transporter.
 38627 | Snake:2  | Reached skill level 20 in Ice Magic
 38806 | Snake:2  | Found Reyn's Antique Weapon Shop.
 38826 | Snake:2  | Found Femeez's Jewellery Emporium.
 38826 | Snake:2  | Found Wilel's Distillery.
 38828 | Snake:2  | Found Sapneqy's Magic Scroll Shoppe.
 39016 | Snake:2  | Offered knowledge of Shatter by Vehumet.
 39016 | Snake:2  | Offered knowledge of Polar Vortex by Vehumet.
 39016 | Snake:2  | Offered knowledge of Ignition by Vehumet.
 39102 | Snake:2  | Noticed Vashnia
 39261 | Snake:2  | Killed Vashnia
 39724 | Snake:3  | Found a white marble altar of Elyvilon.
 39816 | Snake:3  | Reached skill level 15 in Fighting
 40011 | Snake:3  | Reached XP level 19. HP: 150/155 MP: 23/33
 40087 | Snake:3  | Reached skill level 21 in Ice Magic
 40240 | Snake:3  | Noticed Bai Suzhen
 40267 | Snake:3  | Killed Bai Suzhen
 40586 | Snake:4  | Entered Level 4 of the Snake Pit
 40651 | Snake:4  | Found a glacial archway.
 40722 | IceCv    | Entered an ice cave
 41696 | IceCv    | Noticed an Ice Fiend
 41711 | IceCv    | Killed an Ice Fiend
 42060 | Snake:4  | Identified the serpent talisman of Feasting {Slay+3}
 42060 | Snake:4  | Noticed Aizul
 42065 | Snake:4  | Killed Aizul
 42122 | Snake:4  | Found Plog's Book Emporium.
 42401 | Snake:4  | Found Zemnep's Antique Armour Emporium.
 42405 | Snake:4  | Bought a pair of glowing gloves for 217 gold pieces
 42405 | Snake:4  | Bought a transparent kite shield for 275 gold pieces
 42405 | Snake:4  | Identified the +1 kite shield of the Last Mouths {rElec
                  | rCorr Str-4 Int+4} (You bought it in a shop on level 4 of
                  | the Snake Pit)
 42460 | Snake:4  | Found a gateway to a bazaar.
 42975 | Snake:4  | Reached XP level 20. HP: 163/166 MP: 22/34
 43041 | Snake:4  | Reached skill level 10 in Shields
 43048 | Snake:4  | Got a serpentine rune of Zot
 43782 | Lair:4   | Identified the +0 pair of boots of the Tanner {rF+ Str+5
                  | Dex+4}
 43993 | D:7      | Noticed Prince Ribbit
 43998 | D:7      | Killed Prince Ribbit
 44083 | D:7      | Killed Maurice
 44339 | D:7      | Killed ZoaN's ghost
 44441 | D:9      | Identified the ring of the Burgomaster {rC++ rCorr Dex+6
                  | SInv}
 44738 | D:12     | Killed Bikhag's ghost
 44840 | Vaults:1 | Entered Level 1 of the Vaults
 45166 | Vaults:1 | Found Tirucrem's Assorted Antiques.
 45174 | Vaults:1 | Bought a scroll of blinking for 322 gold pieces
 45923 | Vaults:2 | Reached XP level 21. HP: 136/172 MP: 3/35
 46144 | Vaults:2 | Reached skill level 15 in Shields
 46353 | Vaults:2 | Found a magical portal.
 46428 | WizLab   | Entered Cigotuvi's Fleshworks
 46564 | WizLab   | Gained mutation: You sometimes lose your temper in combat.
                  | [mutagenic glow]
 46579 | WizLab   | Gained mutation: You occasionally lose the ability to read
                  | scrolls when taking damage. [mutagenic glow]
 46695 | WizLab   | Reached skill level 22 in Ice Magic
 46749 | WizLab   | Identified the maw talisman "Senef" {Str+3}
 46750 | WizLab   | Identified the flux talisman of the Harvest {rC+ Dex+3}
 47172 | WizLab   | Found the +4 Cigotuvi's embrace {Corpsefed rMiasma ^Drain
                  | rN+}
 47384 | Vaults:2 | Lost mutation: You occasionally lose the ability to read
                  | scrolls when taking damage. [potion of mutation]
 47384 | Vaults:2 | Lost mutation: You sometimes lose your temper in combat.
                  | [potion of mutation]
 47384 | Vaults:2 | Gained mutation: You expend magic power (3 MP) to
                  | strengthen your wands. [potion of mutation]
 47384 | Vaults:2 | Gained mutation: Your flesh is cold resistant. (rC+)
                  | [potion of mutation]
 47434 | Vaults:2 | Reached skill level 23 in Ice Magic
 49017 | Vaults:3 | Reached skill level 24 in Ice Magic
 49043 | Vaults:3 | Reached XP level 22. HP: 159/179 MP: 36/36
 49274 | Vaults:3 | Found Posinobu's Armour Emporium.
 49372 | Vaults:3 | Identified the +4 arbalest of Zuteib {flame, Str+2 Int+2
                  | Dex+5}
 49991 | Vaults:3 | Found a staircase to the Crypt.
 50051 | Vaults:3 | Identified the orb "Gafiol" {light, -Tele rElec Str-4
                  | Int+9}
 50051 | Vaults:3 | Noticed Frederick
 50056 | Vaults:3 | Killed Frederick
 50402 | Vaults:4 | Learned a level 9 spell: Polar Vortex
 50733 | Vaults:4 | Found Sufaetuz's Magic Scroll Shop.
 51273 | Vaults:4 | Reached skill level 25 in Ice Magic
 51947 | Depths:1 | Entered Level 1 of the Depths
 52102 | Depths:1 | Identified the +0 morningstar "Huirot" {antimagic, Fly}
 52564 | Depths:1 | Found Moides's Elemental Accessories.
 52665 | Depths:1 | Found a gateway to Hell.
 52831 | Depths:2 | Found a glowing golden altar of the Shining One.
 52916 | Depths:2 | Found a one-way gate leading to the halls of Pandemonium.
 52998 | Depths:2 | Identified the +4 long sword "Ridextex" {venom, SInv}
 53076 | Depths:2 | Reached XP level 23. HP: 188/188 MP: 39/39
 53845 | Depths:2 | Found a one-way gateway to a ziggurat.
 54652 | Depths:3 | Identified the +4 scale mail of the Sailor {Dex+3}
 54664 | Depths:3 | Noticed a caustic shrike
 54729 | Depths:3 | Killed a caustic shrike
 54905 | Depths:3 | Found a one-way gate to the infinite horrors of the Abyss.
 54983 | Depths:3 | Noticed a juggernaut
 54993 | Depths:3 | Killed a juggernaut
 55190 | Depths:3 | Noticed a juggernaut
 55203 | Depths:3 | Killed a juggernaut
 55934 | Depths:3 | Found Alaim's Distillery.
 55941 | Depths:3 | Bought a potion of invisibility for 136 gold pieces
 55955 | Depths:3 | Found Limel's Assorted Antiques.
 55964 | Depths:3 | Bought a potion of brilliance for 180 gold pieces
 55964 | Depths:3 | Bought a potion of magic for 360 gold pieces
 55990 | Depths:3 | Found Usaulaol's Magic Scroll Emporium.
 56039 | Depths:3 | Bought a scroll of fog for 84 gold pieces
 56220 | Depths:3 | Reached skill level 26 in Ice Magic
 56225 | Depths:3 | Noticed a caustic shrike
 56225 | Depths:3 | Noticed a caustic shrike
 56226 | Depths:3 | Noticed a caustic shrike
 56233 | Depths:3 | Killed a caustic shrike
 56236 | Depths:3 | Killed a caustic shrike
 56237 | Depths:3 | Killed a caustic shrike
 56671 | Depths:3 | Found Inothro's Weapon Shoppe.
 56719 | Depths:4 | Entered Level 4 of the Depths
 56813 | Depths:4 | Reached XP level 24. HP: 159/201 MP: 34/41
 56945 | Depths:4 | Noticed a caustic shrike
 56950 | Depths:4 | Noticed a caustic shrike
 56954 | Depths:4 | Noticed a caustic shrike
 56963 | Depths:4 | Killed a caustic shrike
 56964 | Depths:4 | Killed a caustic shrike
 56983 | Depths:4 | Noticed a caustic shrike
 56984 | Depths:4 | Noticed a caustic shrike
 56987 | Depths:4 | Noticed a caustic shrike
 56988 | Depths:4 | Killed a caustic shrike
 56990 | Depths:4 | Killed a caustic shrike
 56991 | Depths:4 | Killed a caustic shrike
 56993 | Depths:4 | Noticed a caustic shrike
 57002 | Depths:4 | Killed a caustic shrike
 57004 | Depths:4 | Killed a caustic shrike
 57008 | Depths:4 | Noticed a caustic shrike
 57019 | Depths:4 | Killed a caustic shrike
 57055 | Depths:4 | Noticed a caustic shrike
 57224 | Depths:4 | Noticed a caustic shrike
 57225 | Depths:4 | Noticed a caustic shrike
 57229 | Depths:4 | Noticed a caustic shrike
 57232 | Depths:4 | Killed a caustic shrike
 57233 | Depths:4 | Killed a caustic shrike
 57233 | Depths:4 | Noticed a caustic shrike
 57237 | Depths:4 | Killed a caustic shrike
 57244 | Depths:4 | Killed a caustic shrike
 57244 | Depths:4 | Killed a caustic shrike
 57459 | Depths:4 | Got the Directory of the Translocated Evil Eye
 57465 | Depths:4 | Found a broken altar of Ashenzari.
 57898 | Depths:4 | Found a gate to the Realm of Zot.
 58246 | Vaults:5 | Entered Level 5 of the Vaults
 58250 | Vaults:5 | Reached skill level 15 in Dodging
 58253 | Vaults:5 | Reached skill level 15 in Spellcasting
 58411 | Vaults:5 | Noticed a dread lich
 58422 | Vaults:5 | Killed a dread lich
 58443 | Vaults:5 | Got a silver rune of Zot
 58612 | Vaults:5 | Noticed Mennas
 58634 | Vaults:5 | Killed Mennas
 58685 | Vaults:5 | Reached XP level 25. HP: 211/211 MP: 42/42
 58844 | Vaults:5 | Noticed a dread lich
 58855 | Vaults:5 | Killed a dread lich
 59534 | Vaults:5 | Found Uxiney's Jewellery Boutique.
 60341 | Zot:1    | Entered Level 1 of the Realm of Zot
 60752 | Zot:1    | Found the +3 pair of gauntlets of War {Slay+5}
 60759 | Zot:1    | Noticed Jiorhin's ghost (legendary TrBe)
 61219 | Zot:1    | Found a transporter.
 61277 | Zot:1    | Found a transporter.
 61567 | Zot:1    | Noticed an orb of fire
 61815 | Zot:2    | Reached skill level 27 in Ice Magic
 62078 | Zot:2    | Reached XP level 26. HP: 220/222 MP: 43/43
 62525 | Zot:3    | Reached skill level 10 in Evocations
 63020 | Zot:3    | Gained mutation: You are dopey. (Int -2) [mutagenic glow]
 63495 | Zot:4    | Identified the +0 scale mail of Cheibriados's Scorn {Will+
                  | SInv}
 63828 | Zot:5    | Entered Level 5 of the Realm of Zot
 64249 | Zot:5    | Noticed a dread lich
 64259 | Zot:5    | Killed a dread lich
 64382 | Zot:5    | Noticed an ancient lich
 64396 | Zot:5    | Killed an ancient lich
 64410 | Zot:5    | Noticed an ancient lich
 64769 | Zot:5    | Killed an ancient lich
 64850 | Zot:5    | Noticed a Killer Klown
 64859 | Zot:5    | Noticed a Killer Klown
 64860 | Zot:5    | Noticed a dread lich
 64862 | Zot:5    | Noticed an orb of fire
 64866 | Zot:5    | Noticed an orb of fire
 64866 | Zot:5    | Gained mutation: You are partially covered in iridescent
                  | scales. (AC +2) [an orb of fire]
 64867 | Zot:5    | Killed a Killer Klown
 64874 | Zot:5    | Gained mutation: You occasionally lose the ability to drink
                  | potions when taking damage. [an orb of fire]
 64876 | Zot:5    | Gained mutation: You are very dopey. (Int -4) [an orb of
                  | fire]
 64877 | Zot:5    | Killed a dread lich
 64878 | Zot:5    | Killed an orb of fire
 64878 | Zot:5    | Killed an orb of fire
 64878 | Zot:5    | Killed a Killer Klown
 65250 | Zot:5    | Noticed a Killer Klown
 65262 | Zot:5    | Noticed an orb of fire
 65265 | Zot:5    | Killed a Killer Klown
 65278 | Zot:5    | Gained mutation: Your magical capacity is low. (-10% MP)
                  | [an orb of fire]
 65291 | Zot:5    | Gained mutation: You sometimes lose the ability to drink
                  | potions when taking damage. [an orb of fire]
 65592 | Zot:5    | Gained mutation: You are frail. (-10% HP) [an orb of fire]
 65595 | Zot:5    | Gained mutation: You are clumsy. (Dex -2) [an orb of fire]
 65597 | Zot:5    | Killed an orb of fire
 65598 | Zot:5    | Reached XP level 27. HP: 207/207 MP: 6/39
 65674 | Zot:5    | Noticed a dread lich
 65684 | Zot:5    | Killed a dread lich
 65691 | Zot:5    | Noticed an ancient lich
 65708 | Zot:5    | Noticed an ancient lich
 65726 | Zot:5    | Killed an ancient lich
 65737 | Zot:5    | Killed an ancient lich
 66214 | Orc:2    | Bought a potion of curing for 48 gold pieces
 66214 | Orc:2    | Bought a potion of ambrosia for 128 gold pieces
 66214 | Orc:2    | Bought a potion of magic for 128 gold pieces
 66214 | Orc:2    | Bought a potion of haste for 160 gold pieces
 66725 | Zot:5    | Got the Orb of Zot
 67067 | D:10     | Noticed Punompi the pandemonium lord
 67249 | D:$      | Escaped with the Orb!

Illustrated notes

Levels and vault maps discovered:
D:1:      heliophobic_arrival_henge, layout_loops_ring, patterned_corridor
D:2:      layout_rooms, ebering_ecumenical_altar_abandoned,
          roderic_serpentine_path, grunt_ministairs_1, minivault_25,
          minmay_misc_feat_enclosed, minmay_misc_feat_nine_boxes,
          serial_bayou_lagoon_a, chequers_big_river, uniq_terence, uniq_natasha
D:3:      layout_loops_corners, mainiacjoe_sewer_entry_somewhere_in_here_1
D:4:      nicolae_BIG_FREAKIN_CUBE, layout_cave_pools,
          mainiacjoe_overflow_divided_tiny, minmay_temple_entry_junction
D:5:      layout_loops_corners, lemuel_doored_altar, serial_bayou_pond_b
D:6:      layout_loops_ring, mainiacjoe_overflow_boulevard, serial_shops,
          nicolae_shop_real_fake_doors, shop
D:7:      layout_loops_ring, lemuel_round_altar,
          nicolae_qazlal_scattered_showers, enter_bailey_3,
          hellmonk_ghost_happy_afterlife, chequers_serial_rivers_large_b,
          uniq_maurice, uniq_prince_ribbit1
D:8:      layout_basic, lightli_temple_of_fire, mainiacjoe_overflow_24_doors,
          hangedman_abyss_or_decor_stabs, nicolae_water_bricks,
          serial_bayou_lake_a
D:9:      minmay_tri_box, layout_basic, minivault_1, guppyfry_shop_venom
D:10:     layout_rooms, david_orc_1_choice, serial_shops, shop
D:11:     layout_long_grid, dpeg_lair_monsters
D:12:     layout_loops_ring, gammafunk_ghost_spectres, uniq_frances
D:13:     minmay_the_grid_square_5x5_5x5_mashed
          [minmay_the_grid_square_5x5_sharp_hourglass,
          minmay_the_grid_square_5x5_intrusive_squares,
          minmay_the_grid_square_5x5_spiral,
          minmay_the_grid_square_5x5_three_walls,
          minmay_the_grid_square_5x5_doubleslash,
          minmay_the_grid_square_5x5_three_small,
          minmay_the_grid_square_5x5_prize_monsterx,
          minmay_the_grid_square_5x5_bracketed,
          minmay_the_grid_square_5x5_prize_gold,
          minmay_the_grid_square_5x5_checkered_statues,
          minmay_the_grid_square_5x5_n, minmay_the_grid_square_5x5_longway,
          minmay_the_grid_square_5x5_prize_snowflake,
          minmay_the_grid_square_5x5_pentomino_r,
          minmay_the_grid_square_5x5_gyroscope,
          minmay_the_grid_square_5x5_n_small,
          minmay_the_grid_square_5x5_prize_rear_guard,
          minmay_the_grid_square_5x5_seven,
          minmay_the_grid_square_5x5_prize_deathbox,
          minmay_the_grid_square_5x5_inset, minmay_the_grid_square_5x5_shrine2,
          minmay_the_grid_square_5x5_shrine1,
          minmay_the_grid_square_5x5_six_small, minmay_the_grid_square_5x5_meh,
          minmay_the_grid_square_5x5_checkered_sparse], layout_irregular_city,
          nicolae_ru_path_of_blood
D:14:     layout_basic, nrook_pool_corridor, elyvilon_altar_4
D:15:     grunt_enter_depths_hoard, layout_basic,
          chequers_serial_rivers_micro_e, uniq_nessos
Temple:   compressed_dpeg_circular_temple
Lair:1:   layout_gridlike, gauntlet_entry_generic,
          chequers_serial_rivers_micro_b, infiniplex_staircase_pool_2
Lair:2:   layout_layer_cave, grunt_megastairs_5
Lair:3:   layout_cave_shapes, mainiacjoe_shoals_entry_four_pools,
          alex1729_snake_entry_snake, serial_bayou_shore_a
Lair:4:   gammafunk_cloud_chamber, layout_cave_shapes, slime_entry_1,
          wad_woods_river_01
Lair:5:   hangedman_lair_caniforms_friends, layout_cave_pods,
          guppyfry_lair_end_dragon, serial_rivers,
          chequers_serial_rivers_small_3, chequers_serial_rivers_large_a,
          chequers_serial_rivers_marsh, chequers_serial_rivers_room_a,
          chequers_serial_rivers_room_b
Shoals:1: layout_shoals
Shoals:2: layout_shoals
Shoals:3: layout_shoals, lemuel_oklob_altar
Shoals:4: shoals_end_hellmonk_holy_island, uniq_polyphemus, uniq_nikola
Snake:1:  gammafunk_the_bubble [the_bubble_gammafunk_split], layout_rooms,
          nicolae_snake_guarding_the_ruins
Snake:2:  layout_gridlike, nicolae_wooded_promenade, uniq_vashnia
Snake:3:  layout_rooms, basic_altar, nicolae_snake_the_dead_are_slithering,
          uniq_bai_suzhen
Snake:4:  snake_pit_salamanders_mu, layout_cave_town,
          portal_ice_cave_entry_ugly_swarm, serial_shops, statue_bzr, shop,
          nicolae_shop_back_alley_shop, serial_bayou_shore_b,
          serial_bayou_shore_b, uniq_aizul
Orc:1:    layout_caves
Orc:2:    grunt_orc_community_town_hall, layout_diamond_mine,
          grunt_orc_community_big_house_1, grunt_orc_community_big_house_2,
          grunt_orc_community_house_3, grunt_orc_community_house_2,
          grunt_orc_community_house_3, grunt_orc_community_house_3,
          serial_shops, shop, uniq_josephine, uniq_erolcha
Vaults:1: nicolae_vaults_display_case, ontoclasm_vaults_idyll, v_pattern_3,
          vaults_room_pools, nicolae_vaults_weapon_check,
          nicolae_vaults_diamond_1, hangedman_vaults_snaps,
          nicolae_vaults_trapezoid_2, v_misc_5, hangedman_vaults_river_flow,
          nicolae_vaults_sesquioval_fish, nicolae_vaults_tetromino_Z_1,
          nicolae_vaults_circle_grid_b, grunt_vaults_focal, layout_vaults_maze,
          serial_shops, shop
Vaults:2: mu_enter_wizlab_3, vaults_room_grunt_arrival_ludios,
          hangedman_vaults_corner_blocks, nicolae_vaults_murder_corner,
          vaults_dpeg_diagonal, nicolae_vaults_asterisk,
          nicolae_vaults_trapezoid_lopsided_1, ontoclasm_vaults_fault,
          nicolae_vaults_storage_room_water, v_misc_18,
          grunt_vaults_hallway_long, nicolae_vaults_tetromino_Z_2,
          ontoclasm_vaults_decontamination, hangedman_vaults_stretched_pinwheel,
          layout_vaults_omnibox
Vaults:3: nicolae_vaults_network_barrier, nicolae_vaults_asterisk,
          ontoclasm_vaults_ring_small, nicolae_vaults_closet_pinwheel_3,
          minmay_crypt_entry_skeletal_spiral,
          nicolae_vaults_taking_the_gang_shopping,
          nicolae_vaults_yaktaur_gun_rack, nicolae_vaults_layer_cake_slice,
          layout_vaults_quadrants, uniq_frederick
Vaults:4: nicolae_vaults_network_periphery, v_pattern_2,
          nicolae_vaults_tetromino_Z_2, nicolae_vaults_door_testing_chamber,
          nicolae_vaults_six-pack, nicolae_vaults_storage_closets_1,
          vaults_dpeg_hooks, nicolae_vaults_tetromino_L_1,
          nicolae_vaults_tetromino_Z_1, nicolae_vaults_little_squares_1,
          layout_vaults_chaotic_city, serial_shops, shop_scrolls
Vaults:5: uniq_mennas
Depths:1: layout_small_grid, hangedman_decor_diamond_cutter, pf_coc_iceberg,
          nicolae_wwwww, nicolae_elemental_shop, kennysheep_dice
Depths:2: kb_forest_paths, layout_gridlike, enter_ziggurat_e, pan_entry,
          chequers_serial_rivers_small_a, pf_vacation_house_of_asmodeus,
          tso_metal_star, minmay_staircase_windowed_large
Depths:3: minmay_dotted_concentric_squares, layout_gridville, hell_entry,
          serial_shops, nicolae_shop_tiny_waterfront,
          nicolae_shop_just_a_little_nook, shop, nicolae_lakefront_shop,
          abyss_entry_small_statue_room, minmay_strange_pillars
Depths:4: evilmike_zot_entry_round, layout_cave_pools, hell_entry,
          ashenzari_conservatory_becter, rand_demon_pan_entry_8,
          eino_tiny_chamber
Zot:1:    dreamdust_black_sun_cult, layout_twisted_circle,
          regret_index_zotdec_silver_v_v_loose, gammafunk_ghost_arena
Zot:2:    layout_cellular_growth
Zot:3:    layout_misc_corridors, hangedman_spider_trapstep
Zot:4:    layout_gridlike, regret_index_zotdec_split_disrupt,
          st_grand_hoard_of_tiamat
Zot:5:    layout_twisted_circle

Skill      XL: |  1  2  3  4  5  6  7  8  9 10 11 12 13 14 15 16 17 18 19 20 21 22 23 24 25 26 27 |
---------------+----------------------------------------------------------------------------------+-----
Fighting       | 1 2 3 4 5 6 7 8 9 10 12 15 16 17 19 20 21 22 | 22.2
Alchemy        | 3 5 7 8 10 11 12 13 | 13.0
Conjurations   | 2 3 4 |  4.0
Spellcasting   | 3 4 5 6 8 9 10 12 14 15 16 17 | 17.3
Earth Magic    | 4 |  4.0
Dodging        | 3 5 7 9 10 12 13 14 15 17 18 19 | 19.3
Stealth        | 3 5 6 8 9 |  9.0
Armour         | 3 4 5 6 7 9 |  9.9
Ice Magic      | 7 10 12 15 16 18 19 20 21 24 25 26 27 | 27.0
Evocations     | 3 4 6 7 9 11 | 11.0
Air Magic      | 2 3 |  3.0
Shields        | 5 6 8 14 15 | 15.0
Polearms       | 2 5 7 11 14 | 14.0
Translocations | 3 |  3.0

Action                     |  1- 3 |  4- 6 |  7- 9 | 10-12 | 13-15 | 16-18 | 19-21 | 22-24 | 25-27 || total
---------------------------+-------+-------+-------+-------+-------+-------+-------+-------+-------++-------
  Melee: Quarterstaff      |    19 |    24 |    40 |       |       |       |       |       |       ||    83
         Unarmed           |     1 |       |       |       |       |       |       |       |       ||     1
         Tailslap          |       |     1 |       |       |       |       |       |     4 |     1 ||     6
         Staff             |       |       |    18 |    51 |     1 |   229 |    24 |     3 |    89 ||   415
         Dagger            |       |       |    70 |    62 |       |       |       |       |       ||   132
         Punch             |       |       |       |     2 |       |       |       |       |       ||     2
         Flail             |       |       |       |     1 |       |       |       |       |       ||     1
         Spear             |       |       |       |    76 |   542 |       |       |       |       ||   618
         Demon trident     |       |       |       |       |   184 |   539 |  1046 |  1192 |   533 ||  3494
         Trident           |       |       |       |       |    29 |     2 |       |       |       ||    31
         Trishula          |       |       |       |       |       |    23 |   249 |   152 |    68 ||   492
  Throw: Dart              |       |       |       |     3 |     3 |       |       |       |       ||     6
         Boomerang         |       |       |       |     1 |       |       |       |       |       ||     1
   Cast: Sandblast         |    74 |   126 |    16 |   132 |     7 |     1 |     1 |       |       ||   357
         Sting             |       |       |   268 |    87 |    35 |       |       |       |       ||   390
         Olgreb's Toxic Ra |       |       |    24 |    53 |    37 |    13 |     1 |     1 |       ||   129
         Freeze            |       |       |       |    32 |       |       |       |       |       ||    32
         Frozen Ramparts   |       |       |       |    62 |    40 |     2 |       |       |       ||   104
         Hailstorm         |       |       |       |    15 |       |       |       |       |       ||    15
         Freezing Cloud    |       |       |       |    12 |    53 |    16 |    11 |     3 |       ||    95
         Summon Ice Beast  |       |       |       |     8 |     2 |     1 |       |     1 |       ||    12
         Sculpt Simulacrum |       |       |       |       |    25 |     9 |    17 |     3 |       ||    54
         Ozocubu's Refrige |       |       |       |       |    25 |   258 |   199 |    75 |   118 ||   675
         Blink             |       |       |       |       |       |     1 |     1 |       |       ||     2
         Irradiate         |       |       |       |       |       |     5 |     3 |     6 |     3 ||    17
         Polar Vortex      |       |       |       |       |       |       |       |    51 |    85 ||   136
  Evoke: Wand              |       |       |     1 |    21 |     2 |     2 |     1 |       |     2 ||    29
         Phantom mirror    |       |       |       |     2 |       |       |       |       |       ||     2
         Box of beasts     |       |       |       |       |       |       |       |       |     1 ||     1
    Use: Scroll            |       |       |    11 |     8 |    12 |    14 |     1 |       |    12 ||    58
         Potion            |       |       |       |     4 |     1 |       |     5 |     1 |     6 ||    17
   Stab: Invisible         |       |       |       |     1 |       |     2 |       |       |       ||     3
         Sleeping          |       |       |       |       |     6 |    15 |    23 |    13 |     3 ||    60
         Distracted        |       |       |       |       |       |     3 |     7 |     8 |     7 ||    25
         Petrified         |       |       |       |       |       |       |     3 |       |       ||     3
 Armour: Robe              |    21 |    80 |   133 |       |       |       |       |       |       ||   234
         Steam dragon scal |       |       |    39 |    81 |   324 |       |       |       |       ||   444
         Leather armour    |       |       |       |   198 |       |       |    39 |   327 |   311 ||   875
         Troll leather arm |       |       |       |       |   123 |   339 |   307 |   120 |       ||   889
  Dodge: Dodged            |    28 |   113 |   224 |   257 |   412 |   420 |   441 |   479 |   369 ||  2743
  Block: Buckler           |       |       |       |     9 |   257 |   214 |   107 |       |       ||   587
         Kite shield       |       |       |       |       |       |       |   436 |   692 |   356 ||  1484
